 Dungeon Crawl Stone Soup version 0.30.0-19-g36f170ea60 (webtiles) character file.

Game seed: 17342056144043142948

255 olmar the Grave Robber (level 5, 0/36 HPs)
             Began as a Mummy Necromancer on May 28, 2023.
             Killed by divine providence
             ... invoked by an orc priest
              (7 damage)
             ... on level 7 of the Dungeon.
             The game lasted 00:07:11 (3300 turns).

olmar the Grave Robber (Mummy Necromancer)          Turns: 3300, Time: 00:07:11

Health: 0/36       AC:  3    Str: 11    XL:     5   Next: 91%
Magic:  0/12       EV: 12    Int: 16    God:
Gold:   180        SH:  0    Dex: 13    Spells: 10/14 levels left

rFire   x . .        f - +0 dagger (venom)
rCold   + . .        (no shield)
rNeg    + + +        a - +1 robe
rPois   ∞            (no helmet)
rElec   .            k - scarf {repulsion}
rCorr   .            (no gloves)
SInv    .            (no boots)
Will    .....        i - amulet of regeneration
Stlth   ++           (no ring)
HPRegen 1.06/turn    (no ring)
MPRegen 0.13/turn

%: repel missiles, faith
@: about to teleport
A: cold resistance 1, negative energy resistance 3, torment resistance 2, heat
vulnerability 1, in touch with death 1, no potions, faith
a: no special abilities


You were on level 7 of the Dungeon.
You visited 1 branch of the dungeon, and saw 5 of its levels.

You collected 180 gold pieces.

Inventory:

Hand Weapons
 d - a +0 dagger
 f - a +0 dagger of venom (weapon)
Armour
 a - a +1 robe (worn)
 j - a +0 cloak
 k - a scarf of repulsion (worn)
Jewellery
 i - an amulet of regeneration (around neck)
Wands
 b - a wand of flame (21)
Scrolls
 c - a scroll of enchant armour
 e - a scroll of noise
 g - 3 scrolls of identify


   Skills:
 + Level 0.7 Fighting
 + Level 1.1 Short Blades
 + Level 2.0 Dodging
 - Level 1.7 Stealth
 + Level 5.0 Spellcasting
 + Level 5.5 Necromancy


You had 10 spell levels left.
You knew the following spells:

 Your Spells              Type           Power      Damage    Failure   Level
a - Necrotise             Necr           100%       1d9       1%          1
b - Vampiric Draining     Necr           32%        2d8       4%          3

Your spell library contained the following spells:

 Spells                   Type           Power      Damage    Failure   Level
 Animate Dead             Necr           32%        N/A       16%         4
 Agony                    Necr           32%        N/A       41%         5
 Summon Hydra             Summ           2%         N/A       100%        7
 Sublimation of Blood     Necr           Unusable   N/A       N/A         2
 Wereblood                Tmut           Unusable   N/A       N/A         2

Dungeon Overview and Level Annotations

Branches:
Dungeon (4/15)
 Temple: D:4-7

Altars:

Annotations:
D:2 1 runed translucent door, Crazy Yiuf
D:4 Ijyb


Innate Abilities, Weirdness & Mutations

You are immune to poison.
Your flesh is cold resistant. (rC+)
You are immune to negative energy. (rN+++)
You are immune to unholy pain and torment.
You are vulnerable to heat. (rF-)
You are in touch with the powers of death.
You do not drink.
You have a special connection with the divine. (Faith)


Message History

Confirm with . or Enter, or press ? or * to list all spells.
Aiming: Vampiric Draining (dangerous; 4% risk of failure)
Press: ? - help, Shift-Dir - straight line, f - gnoll bouda
Aim: a gnoll bouda, wielding a +0 club and wearing a +0 leather armour You feel a surge of power!
You draw life force from the gnoll bouda!
You feel life coursing into your body.
You hear a shout!
Casting: Vampiric Draining (dangerous; 4% risk of failure)
Confirm with . or Enter, or press ? or * to list all spells.
You don't have enough magic to cast this spell.
Unknown command.
Unknown command.
Casting: Vampiric Draining (dangerous; 4% risk of failure)
Confirm with . or Enter, or press ? or * to list all spells.
Aiming: Necrotise (safe; 1% risk of failure)
Press: ? - help, Shift-Dir - straight line, f/p - gnoll bouda
Aim: a gnoll bouda, wielding a +0 club and wearing a +0 leather armour (severely wounded, chance to affect: 83%)
You feel a surge of power!
The gnoll bouda writhes in agony.
The gnoll shouts!
The orc warrior shoots a bolt.
The bolt hits you.
The gnoll bouda hits you with a +0 club.
The orc priest looks encouraged for a moment.
Casting: Necrotise (safe; 1% risk of failure)
Confirm with . or Enter, or press ? or * to list all spells.
Aiming: Necrotise (safe; 1% risk of failure)
Press: ? - help, Shift-Dir - straight line, f/p - gnoll bouda
Aim: a gnoll bouda, wielding a +0 club and wearing a +0 leather armour (almost dead, chance to affect: 83%)
You feel a surge of power!
The gnoll bouda writhes in agony.
You kill the gnoll bouda!
The dead are walking!
Your attacks no longer feel as feeble.
The orc warrior shoots a bolt.
The bolt barely misses you. The gnoll hits you but does no damage.
The steam dragon breathes steam at you. The ball of steam hits you!
The steam scalds you terribly!
* * * LOW HITPOINT WARNING * * *
The orc priest calls down the wrath of Beogh upon you.
Beogh smites you!
You die...

## .. .# (# .# ########
g# #..
.......##########g#....#
.........oo.).).@5.Z....
......o##########D..##.#
.......# ###...#
######## ### . #


You could see a steam dragon (catching breath), an orc warrior, an orc priest, 2
gnolls, a white imp (ally target) and a friendly gnoll bouda skeleton.

Vanquished Creatures
  A scorpion (D:4)
  A hound (D:4)
  A jelly (D:4)
  A gnoll bouda (D:7)
  Terence (D:2)
  A gnoll (D:7)
  4 adders
  A worm (D:2)
  An orc (D:7)
  5 ball pythons
  An endoplasm (D:4)
  A giant cockroach (D:4)
  6 goblins
  10 hobgoblins
  8 quokkas
  5 bats
  2 frilled lizards
  5 kobolds
  4 rats
59 creatures vanquished.

Vanquished Creatures (collateral kills)
  A giant cockroach (D:1)
  A rat (D:1)
2 creatures vanquished.

Grand Total: 61 creatures vanquished

Notes
Turn   | Place    | Note
-------+----------+-------------------------------------------
     0 | D:1      | olmar the Mummy Necromancer began the quest for the Orb.
     0 | D:1      | Reached XP level 1. HP: 13/13 MP: 4/4
   195 | D:1      | Reached XP level 2. HP: 19/19 MP: 2/5
   681 | D:2      | Found a runed translucent door.
   682 | D:2      | Noticed Crazy Yiuf
   939 | D:2      | Gained mutation: You are in touch with the powers of death.
                  | [Mummy growth]
   939 | D:2      | Reached XP level 3. HP: 24/24 MP: 4/7
   943 | D:2      | Learned a level 3 spell: Vampiric Draining
  1330 | D:2      | Noticed Terence
  1349 | D:2      | Killed Terence
  1350 | D:2      | Reached XP level 4. HP: 4/30 MP: 7/9
  2486 | D:3      | Found a faded altar of an unknown god.
  2630 | D:4      | Noticed Ijyb
  2630 | D:4      | Noticed a scorpion
  2771 | D:4      | Killed a scorpion
  2772 | D:4      | Reached skill level 5 in Necromancy
  2772 | D:4      | Reached XP level 5. HP: 33/36 MP: 4/11
  3002 | D:4      | Reached skill level 1 in Short Blades
  3158 | D:4      | Reached skill level 5 in Spellcasting
  3236 | D:4      | You fall into a shaft and drop 3 floors!
  3267 | D:7      | Noticed an orc warrior
  3294 | D:7      | Noticed a steam dragon
  3300 | D:7      | Killed from afar by an orc priest

Illustrated notes

Levels and vault maps discovered:
D:1:      scummos_arrival_simple_crosswalls, layout_rooms,
          corexii_item_surrounded_by_moat
D:2:      layout_rooms, amcnicky_mini_corridor_feature, uniq_crazy_yiuf_cottage,
          uniq_terence
D:3:      layout_basic, shapermc_ecumenical_altar_notcrosses,
          grunt_ministairs_12, kennysheep_generic_room_8
D:4:      layout_rooms, uniq_ijyb
D:7:      layout_basic, nicolae_elemental_shop

Skill      XL: |  1  2  3  4  5 |
---------------+----------------+-----
Spellcasting   | 3 4 5 |  5.0
Necromancy     | 5 |  5.5
Short Blades   | 1 |  1.1
Dodging        | 2 |  2.0
Fighting       | |  0.7
Stealth        | |  1.7

Action                     |  1- 3 |  4- 6 || total
---------------------------+-------+-------++-------
  Melee: Unarmed           |     3 |       ||     3
         Dagger            |    17 |    82 ||    99
         Punch             |       |     3 ||     3
   Cast: Necrotise         |    49 |    17 ||    66
         Vampiric Draining |       |    12 ||    12
    Use: Scroll            |     1 |     4 ||     5
   Stab: Distracted        |     1 |       ||     1
         Sleeping          |     1 |     1 ||     2
 Armour: Robe              |     4 |    13 ||    17
  Dodge: Dodged            |    28 |    52 ||    80
